Map: Vallée des cactus EC

Players

AgCl - Winner!

  • Race: Protoss Protoss

Igbarash

  • Race: Terran Terran

VOD

Have the link to the VOD?

Description

Time

  • Played on: May 22, 2015, 3:13 a.m.
  • Length: 2:32
Show
View Real Time Build Order
Export as new Build Order

AgCl Protoss - Winner!

Build Orders:  

Get SALT Encoding   

  12  0:03  Probe  
  13  0:17  Probe  
  14  0:22  Pylon  
  14  0:45  Probe  
  14  0:49  Gateway  
  15  0:57  Probe  
  16  1:05  Assimilator  
  16  1:09  Probe  
  17  1:14  Pylon  
  17  1:17  Assimilator  
  17  1:21  Probe  
  18  1:33  Probe  
  19  1:44  Zealot (Chrono Boost)  
  19  1:45  Probe (Chrono Boost)  
  21  1:52  Cybernetics Core  
  21  1:58  Probe (Chrono Boost)  
  22  2:05  Probe (Chrono Boost), Pylon  
  23  2:15  Probe  
  24  2:29  Stargate  
  25  2:31  Gateway  
Show
View Real Time Build Order
Export as new Build Order

Igbarash Terran 

Build Orders:  

Get SALT Encoding   

  12  0:02  SCV  
  13  0:14  Supply Depot  
  13  0:19  SCV  
  14  0:31  SCV  
  15  0:38  Barracks  
  15  0:45  SCV  
  15  0:46  Refinery  
  16  0:59  SCV  
  17  1:11  SCV  
  18  1:22  Engineering Bay  
  18  1:26  Orbital Command  
  18  1:31  Reaper  
  19  1:52  SCV  
  20  2:04  SCV  
  20  2:05  Barracks Reactor  
  21  2:09  Command Center  
  21  2:26  Barracks  
Tags
 
Add a new tag
Caveats
  • Supply blocks, unpowered buildings, or Contaminate may cause inaccurate times.
  • Supply counts are checked every 10 seconds.